AoeStats
← MalteDerBaer

Hideout

508491435Analyzed
1v1 RM · 8d ago on Sep 22, 2026· 43m 13s· 2 players
Game mode
Random Map
Map size
Tiny (2 player)
Population
200
Speed
Normal
Resources
Standard
Victory
Conquest
Starting age
Dark Age
Ending age
Imperial Age
RankedLock teamsTeams togetherTeam positionsShared explorationLock speedFull tech treeHidden civsTurbo modeCheats
Victory
Defeat
🇹🇷 Vikings · Türkiye
874
+16
🇩🇪 Magyars · Germany
867
-16
MalteDerBaer
7:05 Loom
11:19 Feudal Age
16:07 Castle Age
15:43 Bloodlines
16:23 Double-Bit Axe
16:29 Horse Collar
17:56 Gold Mining
21:31 Husbandry
21:50 Scale Barding Armor
23:33 Wheelbarrow
23:45 Fletching
23:56 Padded Archer Armor
25:55 Gold Shaft Mining
29:01 Bow Saw
28:30 Light Cavalry
34:32 Imperial Age
33:48 Hand Cart
33:19 Town Watch
33:48 Heavy Plow
34:14 Ballistics
35:30 Cavalier
36:48 Corvinian Army
37:10 Conscription
37:12 Murder Holes
37:28 Masonry
37:49 Town Patrol
38:19 Elite Magyar Huszar
40:30 Parthian Tactics
41:51 Thumb Ring
Ernc
11:13 Feudal Age
9:30 Loom
12:25 Horse Collar
12:50 Double-Bit Axe
18:52 Castle Age
17:24 Town Watch
19:25 Forging
19:17 Stone Mining
19:25 Gold Mining
22:00 Fletching
23:23 Ballistics
23:29 Pikeman
24:23 Squires
24:55 Elite Skirmisher
26:46 Bodkin Arrow
28:01 Padded Archer Armor
29:54 Leather Archer Armor
31:00 Heavy Plow
32:33 Chieftains
34:09 Bow Saw
37:17 Imperial Age
36:45 Iron Casting
37:27 Elite Varangian Guard
40:11 Conscription
40:34 Hoardings
41:14 Crop Rotation
Connection lost

Rejoining the realm…

Still unreachable

The connection could not be restored.

Session expired

The server has moved on; the page needs a fresh start.